 Dungeon Crawl Stone Soup version 0.29.1-15-g9cfb28693d (webtiles) character file.

Game seed: 13664281441207814784

63923 croobank the Unforgettable (level 14, -13/94 HPs)
             Began as a Demonspawn Fire Elementalist on Apr 20, 2023.
             Was the Champion of Hepliaklqana.
             Mangled by a death yak (34 damage)
             ... on level 5 of the Lair of Beasts on Apr 21, 2023.
             The game lasted 01:36:37 (25747 turns).

croobank the Unforgettable (DsFE)                  Turns: 25747, Time: 01:36:38

Health: -13/94     AC:  8    Str:  9    XL:     14   Next: 69%
Magic:  20/34      EV: 15    Int: 27    God:    Hepliaklqana [******]
Gold:   971        SH: 11    Dex: 14    Spells: 9/28 levels left

rFire   . . .      SeeInvis .   a - +2 trident of Discord {venom, Fragile rElec rPois Will+}
rCold   . . .      Faith    .   (no shield)
rNeg    . . .      Spirit   .   m - +3 troll leather armour {Snorg}
rPois   +          Reflect  +   (helmet unavailable)
rElec   +          Harm     .   J - scarf {+Inv}
rCorr   .          Rampage  .   e - +0 pair of gloves
Will    +....                   (no boots)
Stlth   ++++......              Z - amulet of reflection
HPRegen 1.05/turn               V - ring of magical power
MPRegen 0.24/turn               z - +6 ring of intelligence

@: weak-willed
A: reduced essence, horns 3, large bone plates 2, demonic magic 1
a: Renounce Religion, Evoke Invisibility, Recall Ancestor, Ancestor Identity,
Transference, Idealise


You were on level 5 of the Lair of Beasts.
You worshipped Hepliaklqana.
Hepliaklqana was exalted by your worship.
You visited 3 branches of the dungeon, and saw 18 of its levels.
You also visited: Gauntlet.

You collected 1145 gold pieces.
You spent 174 gold pieces at shops.

Inventory:

Hand Weapons
 a - the +2 trident of Discord (weapon) {venom, Fragile rElec rPois Will+}
   (You took it off an orc on level 8 of the Dungeon)

   It poisons the flesh of those it strikes.
   rElec:     It insulates you from electricity.
   rPois:     It protects you from poison.
   Fragile:   It will be destroyed if unequipped.
   Will:      It increases your willpower.
 b - a +1 vorpal arbalest
 f - the +5 short sword "croobank's Death" {vorpal, Will+ Int+3 SInv}
   (You found it on level 5 of the Lair of Beasts)

   It inflicts extra damage upon your enemies.
   Int:       It affects your intelligence (+3).
   SInv:      It lets you see invisible.
   Will:      It increases your willpower.
 u - the +12 sling "Bibeexib" {venom, rPois rN+++ Str+4 Int-2}
   (You found it on level 5 of the Lair of Beasts)

   Any ammunition fired from it poisons the flesh of those it strikes.
   Str:       It affects your strength (+4).
   Int:       It affects your intelligence (-2).
   rPois:     It protects you from poison.
   rN:        It renders you almost immune to negative energy.
Missiles
 s - 5 curare-tipped darts
 v - 4 throwing nets
Armour
 e - a +0 pair of gloves (worn)
 m - a +3 troll leather armour (worn) {Snorg}
 y - the +0 leather armour "Jirhuep" {rN+ SInv}
   (You took it off a goblin on level 4 of the Dungeon)

   rN:        It protects you from negative energy.
   SInv:      It lets you see invisible.
 J - a scarf of invisibility (worn)
 O - a +0 robe of fire resistance
 U - a +2 robe of willpower
 W - a +2 robe of cold resistance
Magical Staves
 N - a staff of fire
Jewellery
 i - a ring of resist corrosion
 j - a ring of ice
 q - a ring of poison resistance
 z - a +6 ring of intelligence (right hand)
 H - a ring of wizardry
 Q - a ring of willpower
 V - a ring of magical power (left hand)
 X - a +4 ring of protection
 Z - an amulet of reflection (around neck)
Wands
 o - a wand of paralysis (25)
 F - a wand of digging (8)
 I - a wand of flame (26)
 S - a wand of mindburst (10)
 T - a wand of iceblast (17)
Scrolls
 l - 4 scrolls of identify
 p - a scroll of butterflies
 r - 2 scrolls of magic mapping
 P - a scroll of vulnerability
 R - 2 scrolls of enchant armour
Potions
 c - 3 potions of ambrosia
 d - 6 potions of curing
 g - 2 potions of heal wounds
 h - a potion of cancellation
 k - 4 potions of flight
 n - 6 potions of brilliance
 t - 5 potions of lignification
 w - a potion of resistance
 x - a potion of invisibility
 A - 4 potions of attraction
 G - 2 potions of magic
 K - 2 potions of mutation
 L - 3 potions of might
Miscellaneous
 B - a box of beasts
 C - a phial of floods
 D - a condenser vane (inert)
 Y - a lightning rod (4/4)


   Skills:
 + Level 8.2 Fighting
 * Level 8.4 Polearms
 - Level 3.0 Armour
 + Level 7.9 Dodging
 + Level 8.5 Stealth
 + Level 7.9 Spellcasting
 + Level 8.2 Conjurations
 - Level 5.0 Hexes
 + Level 8.3 Fire Magic
 * Level 14.3 Invocations
 * Level 7.4 Evocations


You had 9 spell levels left.
You knew the following spells:

 Your Spells              Type           Power      Damage    Failure   Level
a - Foxfire               Conj/Fire      100%       2x1d9     1%          1
b - Scorch                Fire           100%       2d10      1%          2
c - Inner Flame           Hex/Fire       46%        N/A       1%          3
d - Flame Wave            Conj/Fire      53%        2d13      2%          4
e - Sticky Flame          Conj/Fire      53%        2d7       2%          4
f - Mephitic Cloud        Conj/Pois/Air  25%        N/A       7%          3
g - Blink                 Tloc           20%        N/A       11%         2

Your spell library contained the following spells:

 Spells                   Type           Power      Damage    Failure   Level
 Conjure Flame            Conj/Fire      53%        6-21      1%          3
 Ensorcelled Hibernation  Hex/Ice        48%        N/A       4%          2
 Ignite Poison            Fire/Tmut/Pois 25%        N/A       7%          3
 Passwall                 Tmut/Erth      8%         N/A       11%         2
 Poisonous Vapours        Pois/Air       20%        N/A       11%         2
 Gell's Gravitas          Tloc           10%        N/A       22%         3
 Lesser Beckoning         Tloc           10%        N/A       22%         3
 Swiftness                Air            10%        N/A       22%         3
 Teleport Other           Tloc           10%        N/A       22%         3
 Freezing Cloud           Conj/Ice/Air   12%        6-21      54%         5
 Corpse Rot               Necr/Pois/Air  10%        N/A       58%         4
 Manifold Assault         Tloc           10%        N/A       90%         5
 Dispersal                Tloc           5%         N/A       100%        6
 Storm Form               Tmut/Air       5%         N/A       100%        7
 Disjunction              Tloc           5%         N/A       100%        8
 Chain Lightning          Conj/Air       16%        3d22      100%        9
 Fire Storm               Conj/Fire      26%        8d7       100%        9
 Shatter                  Erth           5%         3d8*      100%        9


Dungeon Overview and Level Annotations

Branches:
Dungeon (12/15)            Temple (1/1) D:4            Lair (5/5) D:10
  Swamp (0/4) Lair:3        Snake (0/4) Lair:2        Slime (0/5) Lair:4
    Orc (0/2) D:10        Gauntlet (visited)

Altars:
Ashenzari
Cheibriados
Dithmenos
Fedhas
Gozag
Hepliaklqana
Kikubaaqudgha
Makhleb
Nemelex Xobeh
Okawaru
Qazlal
Ru
Sif Muna
Trog
Uskayaw
Vehumet
Wu Jian
Xom
Yredelemnul
Jiyva

Shops:
D:9 *

Annotations:
D:2 1 runed translucent door, Crazy Yiuf
D:9 1 runed translucent door
D:11 2 transporters, nroviw's ghost, journeyman TrFi
Lair:1 1 runed translucent door
Lair:3 2 transporters, NateTC's ghost, journeyman MiFi
Lair:4 1 runed translucent door, exclusion: 2 oklob plants
Lair:5 Seidenschwarz's ghost, journeyman DECj


Innate Abilities, Weirdness & Mutations

Your life essence is reduced to manifest your ancestor. (-10% HP)
You have a pair of large horns on your head.
You are mostly covered in large bone plates. (SH +6)
Spells you cast may paralyse adjacent enemies.


Message History

The moth of wrath is engulfed in blazing flames.
You kill the moth of wrath!
Casting: Scorch (safe; 1% risk of failure)
Confirm with . or Enter, or press ? or * to list all spells.
Flames lash the death yak but do no damage.
Malevolent energies surge around you.
The boulder beetle's inner flame fades away.
The death yak rages.
The death yak is engulfed in blazing flames.
The death yak barely misses you.
Seidenschwarz's ghost is engulfed in blazing flames.
You block Seidenschwarz's ghost's attack.
The boulder beetle is engulfed in blazing flames.
The torpor snail is engulfed in blazing flames.
Flame seeps out of the torpor snail.
The death yak is engulfed in blazing flames.
The death yak closely misses you.
Seidenschwarz's ghost is engulfed in blazing flames.
Seidenschwarz's ghost hits you but does no damage.
Casting: Scorch (safe; 1% risk of failure)
Confirm with . or Enter, or press ? or * to list all spells.
Flames lash the torpor snail.
Flame seeps out of the torpor snail.
The torpor snail is severely wounded.
The torpor snail's fire resistance burns away.
Malevolent energies surge around you.
Seidenschwarz's ghost suddenly stops moving!
The death yak gores you!
Seidenschwarz's ghost is engulfed in blazing flames.
The torpor snail is engulfed in blazing flames.
The torpor snail explodes!
The fiery explosion engulfs Seidenschwarz's ghost!!
Seidenschwarz's ghost resists.
Seidenschwarz's ghost is severely damaged.
The death yak is engulfed in blazing flames.
The death yak gores you!!
* * * LOW HITPOINT WARNING * * *
You enter the transporter and appear at another place.
You feel yourself speed up. The death yak gores you!!
You die...

........R.......# ##....##....
.......R.......## #.##.(PPP...
......R.......## #####.......
...............## ###.......
.#........#.....### #P..P.....
#...........#...#.#### #.........
.........###.....###.####.##.....
...............YB.....#.....##...
.#P.........####@###..#.....#....
........#####..###©##............
........#....#§§§W§§##.........#.
....P..##...#.§§#§§§§#..........#
...P..(#......#.§##..#.........##
.P.....#..##..©§§#...#.......####
#####..#.....#§§§..#.##....."....
## #..##.##.§§###....#....#....#
.# #...# ...(?:$.#..##......####


You could see a death yak (berserk, weak-willed) and a boulder beetle
(weak-willed).

Vanquished Creatures
  Snorg (D:10)
  Josephine (D:10)
  Fannar (Lair:1)
  Harold (Lair:1)
  5 hydras
  3 catoblepae (Lair:5)
  2 two-headed ogres
  10 death yaks
  A skeletal warrior (D:12)
  Nergalle (Lair:3)
  A bog body (Lair:3)
  A deep elf pyromancer (D:12)
  A cyclops (D:11)
  2 moths of wrath (Lair:5)
  3 manticores
  6 elephants
  4 black mambas
  A torpor snail (Lair:5)
  Maggie (D:10)
  8 cane toads
  3 rime drakes
  3 kobold demonologists (D:10)
  8 komodo dragons
  3 trolls
  A hornet (D:9)
  6 slime creatures
  A queen bee (D:10)
  A meliai (Lair:4)
  5 blink frogs
  3 wyverns
  2 wraiths (D:10)
  2 basilisks
  27 yaks
  2 nagas (Lair:2)
  2 steam dragons
  2 swamp worms (Lair:3)
  11 water moccasins
  2 acid dragons
  2 black bears
  3 orc warriors
  3 sky beasts
  3 centaurs (D:12)
  9 wolves
  2 kobold brigands
  A gnoll sergeant (D:5)
  6 bullfrogs
  2 necrophages (Lair:4)
  3 scorpions
  4 wights
  37 killer bees
  An electric eel (Lair:3)
  A howler monkey (D:9)
  2 hounds
  3 jellies
  2 orc priests (D:10)
  3 iguanas
  6 orc wizards
  Terence (D:2)
  13 gnolls
  6 adders
  2 white imps
  An ufetubus (D:5)
  A worm (D:5)
  3 dart slugs
  22 orcs
  5 bats
  6 endoplasms
  3 giant cockroaches
  3 goblins (D:4)
  2 hobgoblins
  9 jackals
  2 quokkas
  8 ball pythons
  9 frilled lizards
  A goblin skeleton (D:9)
  19 kobolds
  3 rats
  A foxfire (Lair:4)
351 creatures vanquished.

Vanquished Creatures (collateral kills)
  A boulder beetle (Lair:5)
  A catoblepas (Lair:2)
  3 death yaks
  A bog body (Lair:3)
  A cyclops (D:11)
  7 elephants
  2 black mambas
  2 cane toads
  A torpor snail (Lair:2)
  A rime drake (Lair:4)
  3 komodo dragons
  A meliai (Lair:4)
  A troll (D:10)
  12 blink frogs
  3 slime creatures (D:12)
  2 wyverns
  2 wraiths (D:10)
  A basilisk (Lair:4)
  26 yaks
  5 vampire mosquitoes (D:11)
  2 steam dragons
  3 nagas (Lair:2)
  5 water moccasins
  2 ice beasts (D:5)
  An orc warrior (D:10)
  3 wolves
  A sky beast (D:7)
  A black bear (D:7)
  3 centaurs
  2 kobold brigands
  3 bullfrogs
  2 necrophages (Lair:4)
  A gnoll sergeant (D:9)
  14 killer bees
  A howler monkey (D:9)
  2 lava snakes (D:10)
  2 orc priests (D:7)
  An iron imp (D:7)
  A gnoll bouda (D:7)
  3 orc wizards
  5 gnolls
  An ufetubus (D:7)
  7 orcs
  A goblin (D:10)
  4 kobolds
  2 quokkas (D:5)
  13 foxfires
162 creatures vanquished.

Vanquished Creatures (others)
  A wolf (Lair:1)
  A human (D:3)
  A killer bee (D:10)
  26 battlemagi
  3 ancestors
  An adder (D:6)
  785 foxfires
  46 fungi
  75 plants
939 creatures vanquished.

Grand Total: 1452 creatures vanquished

Notes
Turn   | Place    | Note
-------+----------+-------------------------------------------
     0 | D:1      | croobank the Demonspawn Fire Elementalist began the quest
                  | for the Orb.
     0 | D:1      | Reached XP level 1. HP: 13/13 MP: 3/3
   226 | D:1      | Found a faded altar of an unknown god.
   405 | D:2      | Found a bloodstained altar of Trog.
   424 | D:2      | Gained mutation: Spells you cast may paralyse adjacent
                  | enemies. [demonic ancestry]
   424 | D:2      | Reached XP level 2. HP: 19/19 MP: 3/5
   427 | D:2      | Learned a level 2 spell: Scorch
  1556 | D:1      | Gained mutation: You are partially covered in large bone
                  | plates. (SH +4) [demonic ancestry]
  1556 | D:1      | Reached XP level 3. HP: 24/24 MP: 3/6
  2317 | D:2      | Found a runed translucent door.
  2318 | D:2      | Noticed Crazy Yiuf
  2530 | D:2      | Noticed Terence
  2539 | D:2      | Killed Terence
  2540 | D:2      | Reached XP level 4. HP: 31/31 MP: 0/7
  3248 | D:3      | Found a stormy altar of Qazlal.
  3400 | D:3      | Reached skill level 1 in Fighting
  3613 | D:4      | Learned a level 3 spell: Inner Flame
  4069 | D:3      | Found a sacrificial altar of Ru.
  4105 | D:3      | Found a burning altar of Makhleb.
  4111 | D:3      | Reached XP level 5. HP: 37/37 MP: 5/9
  4275 | D:3      | Found an ancient bone altar of Kikubaaqudgha.
  4278 | D:3      | Noticed a human
  4279 | D:3      | Killed a human
  4551 | D:4      | Identified the +0 leather armour "Jirhuep" {rN+ SInv}
  4577 | D:4      | Found a staircase to the Ecumenical Temple.
  4670 | Temple   | Entered the Ecumenical Temple
  4707 | Temple   | Became a worshipper of Hepliaklqana the Forgotten
  4985 | D:4      | Reached skill level 1 in Armour
  5565 | D:4      | Reached skill level 1 in Invocations
  5856 | D:5      | Entered Level 5 of the Dungeon
  5923 | D:5      | Reached * piety under Hepliaklqana
  6028 | D:5      | Reached XP level 6. HP: 15/38 MP: 0/10
  6030 | D:5      | Reached skill level 2 in Invocations
  6307 | D:5      | Noticed an ice beast
  6316 | D:5      | Killed an ice beast
  6317 | D:5      | Reached skill level 1 in Hexes
  6399 | D:5      | Found a sparkling altar of Nemelex Xobeh.
  6406 | D:5      | Noticed a sky beast
  6413 | D:5      | Killed a sky beast
  6414 | D:5      | Gained mutation: You are mostly covered in large bone
                  | plates. (SH +6) [demonic ancestry]
  6414 | D:5      | Reached XP level 7. HP: 45/45 MP: 4/11
  6551 | D:5      | Reached skill level 3 in Invocations
  6993 | D:5      | Learned a level 4 spell: Flame Wave
  7419 | D:6      | Reached skill level 4 in Invocations
  7419 | D:6      | Reached XP level 8. HP: 51/51 MP: 8/13
  7485 | D:6      | Found a hide-covered altar of Uskayaw.
  7563 | D:6      | Noticed a troll
  7578 | D:6      | Killed a troll
  7865 | D:6      | Found a shimmering blue altar of Sif Muna.
  7875 | D:6      | Reached skill level 5 in Invocations
  8734 | D:7      | Reached ** piety under Hepliaklqana
  8734 | D:7      | Found a snail-covered altar of Cheibriados.
  8735 | D:7      | Remembered your ancestor Leofric as a battlemage
  8930 | D:7      | Reached skill level 6 in Invocations
  8930 | D:7      | Gained mutation: You have a pair of small horns on your
                  | head. [demonic ancestry]
  8930 | D:7      | Reached XP level 9. HP: 57/57 MP: 8/15
  9356 | D:7      | Reached skill level 7 in Invocations
 10013 | D:8      | You fall into a shaft and drop 3 floors!
 10028 | D:11     | Noticed a troll
 10033 | D:11     | Killed a troll
 10090 | D:11     | Noticed a cyclops
 10095 | D:11     | Killed a cyclops
 10096 | D:11     | Reached skill level 5 in Fire Magic
 10248 | D:11     | Found a gate leading to a gauntlet.
 10257 | Gauntlet | Entered a Gauntlet
 10257 | Gauntlet | Noticed a queen bee
 10257 | Gauntlet | Found a transporter.
 10257 | Gauntlet | Found a transporter.
 10257 | Gauntlet | Found a transporter.
 10258 | Gauntlet | Found a transporter.
 10259 | Gauntlet | Found a transporter.
 10262 | Gauntlet | Found a transporter.
 10267 | Gauntlet | Noticed a wizard
 10268 | Gauntlet | Noticed a spectral death yak
 10271 | Gauntlet | Found a transporter.
 10271 | Gauntlet | Found a transporter.
 10271 | Gauntlet | Noticed a death scarab
 10272 | Gauntlet | Found a transporter.
 10273 | Gauntlet | Found a transporter.
 10273 | Gauntlet | Found a large runed translucent door.
 10274 | Gauntlet | Found a large runed translucent door.
 10275 | Gauntlet | Found a large runed translucent door.
 10275 | Gauntlet | Found a large runed translucent door.
 10275 | Gauntlet | Found a runed translucent door.
 10275 | Gauntlet | Noticed an elephant
 10276 | Gauntlet | Found a large runed translucent door.
 10276 | Gauntlet | Noticed an elephant
 10276 | Gauntlet | Noticed an elephant
 10277 | Gauntlet | Found a large runed translucent door.
 10278 | Gauntlet | Found a large runed translucent door.
 10278 | Gauntlet | Found a large runed translucent door.
 10278 | Gauntlet | Noticed a dire elephant
 10279 | Gauntlet | Found a runed translucent gate.
 10279 | Gauntlet | Found a runed translucent gate.
 10280 | Gauntlet | Noticed an orange crystal statue
 10281 | Gauntlet | Found a transporter.
 10281 | Gauntlet | Found a runed translucent door.
 10281 | Gauntlet | Found a runed translucent gate.
 10291 | Gauntlet | Found a large runed translucent door.
 10292 | Gauntlet | Found a large runed translucent door.
 10293 | Gauntlet | Found a large runed translucent door.
 10302 | Gauntlet | Found a large runed translucent door.
 10303 | Gauntlet | Found a large runed translucent door.
 10303 | Gauntlet | Found a large runed translucent door.
 10304 | Gauntlet | Found a large runed translucent door.
 10305 | Gauntlet | Found a large runed translucent door.
 10364 | D:10     | Entered Level 10 of the Dungeon
 10380 | D:10     | Reached *** piety under Hepliaklqana
 10487 | D:10     | Found a staircase to the Orcish Mines.
 10487 | D:10     | Noticed a komodo dragon
 10495 | D:9      | Reached skill level 5 in Stealth
 10495 | D:9      | Reached XP level 10. HP: 41/65 MP: 12/17
 10505 | D:9      | Reached skill level 8 in Invocations
 10663 | D:8      | Identified the +2 trident of Discord {venom, Fragile rElec
                  | rPois Will+}
 10667 | D:8      | Reached skill level 5 in Spellcasting
 10800 | D:8      | Reached skill level 5 in Conjurations
 11212 | D:8      | Reached skill level 1 in Polearms
 11216 | D:8      | Reached skill level 5 in Dodging
 12048 | D:9      | Found a runed translucent door.
 12050 | D:9      | Found a basalt altar of Yredelemnul.
 12114 | D:9      | Reached skill level 5 in Fighting
 12458 | D:9      | Found Cuef Donn's General Store.
 12463 | D:9      | Found Utitrib's Specific Store.
 12467 | D:9      | Bought a scroll of identify for 24 gold pieces
 12472 | D:9      | Bought a scroll of identify for 20 gold pieces
 12472 | D:9      | Bought a scroll of noise for 10 gold pieces
 12472 | D:9      | Bought a scroll of teleportation for 30 gold pieces
 12472 | D:9      | Bought a potion of flight for 30 gold pieces
 12472 | D:9      | Bought a potion of curing for 30 gold pieces
 12472 | D:9      | Bought a potion of attraction for 30 gold pieces
 12527 | D:9      | Reached skill level 9 in Invocations
 13863 | D:10     | Noticed Josephine
 13871 | D:10     | Killed Josephine
 13872 | D:10     | Reached skill level 5 in Hexes
 13872 | D:10     | Gained mutation: You have a pair of horns on your head.
                  | [demonic ancestry]
 13872 | D:10     | Reached XP level 11. HP: 62/72 MP: 9/19
 13879 | D:10     | Noticed a sun demon
 14131 | D:10     | Reached **** piety under Hepliaklqana
 14152 | D:10     | Found a radiant altar of Vehumet.
 14435 | D:10     | Noticed Snorg
 14449 | D:10     | Killed Snorg
 14456 | D:10     | Reached skill level 10 in Invocations
 14962 | D:10     | Found a staircase to the Lair.
 14972 | D:10     | Noticed Maggie
 14976 | D:10     | HP: 3/72 [orc priest/divine providence (13)]
 14981 | D:10     | Killed Maggie
 14992 | Lair:1   | Entered Level 1 of the Lair of Beasts
 14992 | Lair:1   | Found a runed translucent door.
 15022 | Lair:1   | Noticed Harold
 15033 | Lair:1   | Killed Harold
 15152 | Lair:1   | Noticed Fannar
 15174 | Lair:1   | Killed Fannar
 15367 | Lair:1   | Noticed a five-headed hydra
 15392 | Lair:1   | Killed a five-headed hydra
 16100 | Lair:2   | Reached skill level 1 in Evocations
 16116 | Lair:2   | You fall into a shaft and drop 1 floor!
 16121 | Lair:3   | Reached skill level 5 in Polearms
 16151 | Lair:2   | Reached skill level 11 in Invocations
 16151 | Lair:2   | Gained mutation: You have a pair of large horns on your
                  | head. [demonic ancestry]
 16151 | Lair:2   | Reached XP level 12. HP: 26/79 MP: 21/21
 16611 | Lair:2   | Noticed a catoblepas
 16621 | Lair:2   | Killed a catoblepas
 17081 | Lair:2   | Noticed a death yak
 17090 | Lair:2   | Learned a level 4 spell: Sticky Flame
 17135 | Lair:2   | Killed a death yak
 17370 | Lair:2   | Found a staircase to the Snake Pit.
 17602 | Lair:2   | Reached skill level 12 in Invocations
 17764 | D:10     | Reached ***** piety under Hepliaklqana
 18510 | D:11     | Noticed a two-headed ogre
 18517 | D:11     | Killed a two-headed ogre
 18900 | D:11     | Reached XP level 13. HP: 38/85 MP: 23/23
 19138 | D:11     | Found a transporter.
 19138 | D:11     | Found a transporter.
 19218 | D:11     | Noticed nroviw's ghost (journeyman TrFi)
 20391 | Lair:3   | Noticed Nergalle
 20398 | Lair:3   | Killed Nergalle
 20462 | Lair:3   | Reached skill level 5 in Evocations
 20991 | Lair:3   | Noticed NateTC's ghost (journeyman MiFi)
 21005 | Lair:3   | Found a bloodstained altar of Trog.
 21012 | Lair:3   | Found a transporter.
 21015 | Lair:3   | Found a transporter.
 21249 | Lair:3   | Found a staircase to the Swamp.
 21585 | Lair:4   | Reached skill level 13 in Invocations
 21712 | Lair:4   | Learned a level 3 spell: Mephitic Cloud
 22876 | Lair:4   | Reached XP level 14. HP: 92/92 MP: 25/25
 22960 | Lair:4   | Found a runed translucent door.
 22961 | Lair:4   | Found a viscous altar of Jiyva.
 22963 | Lair:4   | Found a staircase to the Slime Pits.
 23133 | Lair:4   | Identified the +2 whip "Bagit" {venom, Str+6 Int+4}
 23329 | Lair:5   | Entered Level 5 of the Lair of Beasts
 23466 | Lair:5   | Found a transporter.
 23469 | Lair:5   | Noticed Seidenschwarz's ghost (journeyman DECj)
 24567 | Lair:5   | Found a transporter.
 24604 | Lair:5   | Reached ****** piety under Hepliaklqana
 24779 | Lair:5   | Reached skill level 14 in Invocations
 25553 | Lair:5   | Identified the +5 short sword "croobank's Death" {vorpal,
                  | Will+ Int+3 SInv}
 25556 | Lair:5   | Identified the +12 sling "Bibeexib" {venom, rPois rN+++
                  | Str+4 Int-2}
 25722 | Lair:5   | Learned a level 2 spell: Blink
 25747 | Lair:5   | Mangled by a death yak

Illustrated notes

Levels and vault maps discovered:
D:1:      nicolae_arrival_washed_ashore, layout_basic,
          dreamdust_ecumenical_altar_statues, minmay_lizard_pond
D:2:      layout_basic, basic_altar, amcnicky_mini_pool_small, uniq_terence,
          uniq_crazy_yiuf_cottage
D:3:      layout_basic, nicolae_ru_awakened_eye, mainiacjoe_overflow_catwalk,
          tgw_kikubaaqudgha, mainiacjoe_overflow_tiny_flanked
D:4:      layout_cave_pods, minmay_temple_entry_tees, kennysheep_nub,
          hangedman_decor_push
D:5:      layout_basic, nemelex_xobeh_ov_fountains_minmay
D:6:      layout_loops_ring, nicolae_sif_muna_condensation,
          lemuel_crystal_altar, minmay_small_thing
D:7:      layout_cave_pools, slow_altar_1
D:8:      layout_cave_pods, hangedman_minor_gate_pass
D:9:      layout_cave_pools, dk_yredelemnul_ordeal, nicolae_specific_store
D:10:     layout_roguey, vehumet_altar_wand_db, dpeg_oklobed_lair,
          nicolae_lava_and_water, minivault_7, uniq_maggie, uniq_snorg,
          uniq_josephine
D:11:     layout_irregular_city, gauntlet_entry_generic, nzn_ghost_randoct,
          nicolae_tso_carved_into_rock
D:12:     layout_long_grid, serial_shops, nicolae_square_shop,
          nicolae_qazlal_eye_of_the_storm, uniq_erolcha, uniq_jorgrun
Temple:   minmay_temple_bridge_abc
Lair:1:   dreamdust_labyrinth, layout_chaotic_city,
          chequers_serial_rivers_micro_e, serial_bayou_shore_b, uniq_fannar,
          uniq_harold
Lair:2:   layout_gridlike, minmay_snake_entry_guardpost_large,
          serial_bayou_pond_a, minmay_shattered_shrine
Lair:3:   layout_loops_ring, nicolae_swamp_entry_splash_gauntlet,
          gammafunk_ghost_wrathful_warriors, uniq_nergalle
Lair:4:   regret_index_harrowing_hell_hive, layout_misc_corridors,
          slime_entry_2, roderic_carrion_pond, infiniplex_staircase_pool,
          grunt_megastairs_4
Lair:5:   evilmike_catoblepas_cave, layout_hall_layers,
          gammafunk_ghost_berserking_beasts, lemuel_fruit_tree

Skill      XL: |  1  2  3  4  5  6  7  8  9 10 11 12 13 14 |
---------------+-------------------------------------------+-----
Stealth        | 2 3 4 5 6 7 8 |  8.5
Dodging        | 2 3 4 5 6 7 |  7.9
Fire Magic     | 3 4 5 6 7 8 |  8.3
Fighting       | 1 2 3 4 5 6 7 8 |  8.2
Conjurations   | 2 3 4 5 6 7 8 |  8.2
Armour         | 1 2 3 |  3.0
Invocations    | 1 2 4 6 7 9 11 12 13 14 | 14.3
Spellcasting   | 3 4 5 6 7 |  7.9
Hexes          | 1 2 3 4 5 |  5.0
Polearms       | 3 5 6 7 8 |  8.4
Evocations     | 1 4 6 7 |  7.4

Action                   |  1- 3 |  4- 6 |  7- 9 | 10-12 | 13-15 || total
-------------------------+-------+-------+-------+-------+-------++-------
Melee: Unarmed           |     3 |       |       |       |       ||     3
       Short sword       |    15 |    11 |       |       |       ||    26
       Punch             |     1 |     1 |     2 |     3 |     4 ||    11
       Dagger            |       |    47 |    24 |     3 |       ||    74
       Headbutt          |       |       |     3 |    50 |    59 ||   112
       Trident           |       |       |       |   175 |   190 ||   365
 Fire: Arbalest          |       |       |    48 |     2 |       ||    50
 Cast: Foxfire           |    41 |    50 |    30 |   161 |   189 ||   471
       Scorch            |    13 |    36 |    61 |   154 |   156 ||   420
       Flame Wave        |       |       |     1 |     4 |     6 ||    11
       Inner Flame       |       |       |     5 |    28 |    61 ||    94
       Sticky Flame      |       |       |       |     2 |     2 ||     4
       Mephitic Cloud    |       |       |       |       |     3 ||     3
       Blink             |       |       |       |       |     1 ||     1
Invok: Ancestor Life: Ba |       |       |     1 |       |       ||     1
       Recall Ancestor   |       |       |     1 |     2 |     1 ||     4
       Idealise          |       |       |       |     1 |       ||     1
Evoke: Wand              |       |       |       |       |     1 ||     1
       Condenser vane    |       |       |       |       |     1 ||     1
  Use: Scroll            |       |    11 |     4 |    17 |     5 ||    37
       Potion            |       |       |       |     8 |     7 ||    15
 Stab: Paralysed         |     6 |     8 |     5 |    18 |    14 ||    51
       Sleeping          |       |     2 |       |     3 |       ||     5
       Distracted        |       |       |       |     1 |     4 ||     5
       Petrified         |       |       |       |       |     6 ||     6
       Petrifying        |       |       |       |       |     1 ||     1
Armor: Robe              |     7 |    15 |       |       |       ||    22
       Leather armour    |       |     2 |    12 |     8 |       ||    22
       Troll leather arm |       |       |       |    30 |    43 ||    73
Dodge: Dodged            |    14 |    46 |    36 |   153 |    86 ||   335
Block: Other             |       |    16 |    11 |   102 |    99 ||   228
       Reflection        |       |       |       |       |     7 ||     7
